 Dungeon Crawl Stone Soup version 0.23.2-1-ga50397a6bc (webtiles) character file.

Game seed: 5706402169768076909

14 Mithandil the Ogre Mage (level 2, 0/24 HPs)
             Began as an Ogre Wizard on May 30, 2019.
             Slain by an adder (2 damage)
             ... on level 2 of the Dungeon.
             The game lasted 00:13:42 (970 turns).

Mithandil the Ogre Mage (Ogre Wizard)                Turns: 970, Time: 00:13:42

Health: 0/24       AC:  3    Str: 10    XL:     2   Next: 45%
Magic:  2/7        EV: 10    Int: 19    God:
Gold:   74         SH:  0    Dex:  7    Spells: 6/9 levels left

rFire    . . .     SeeInvis .   m - +0 hand axe
rCold    . . .     Gourm    .   (no shield)
rNeg     . . .     Faith    .   a - +0 robe
rPois    .         Spirit   .   b - +0 hat
rElec    .         Reflect  .   (no cloak)
rCorr    +         Harm     .   (gloves unavailable)
MR       .....                  (boots unavailable)
Stlth    +.........             (no amulet)
HPRegen  0.08/turn              g - ring of resist corrosion
MPRegen  0.10/turn              (no ring)

@: lethally poisoned (0 -> -2), very slightly contaminated
A: large, unfitting armour, tough skin 1
a: no special abilities


You were on level 2 of the Dungeon.
You were not hungry.

You visited 1 branch of the dungeon, and saw 2 of its levels.

You collected 74 gold pieces.

Inventory:

Hand Weapons
 m - a +0 hand axe (weapon)
Missiles
 c - 3 silver tomahawks
 h - 45 stones (quivered)
 i - 106 arrows
Armour
 a - a +0 robe (worn)
 b - a +0 hat (worn)
Jewellery
 g - a ring of resist corrosion (left hand)
Scrolls
 e - a scroll of remove curse
Potions
 j - 2 potions of brilliance {unknown}
 l - a potion of mutation {unknown}
 n - a potion of lignification {unknown}
Comestibles
 d - 3 rations
 k - 4 chunks of flesh


   Skills:
 - Level 1.7 Dodging
 - Level 1.4 Stealth
 * Level 4.1 Spellcasting
 + Level 1.4 Conjurations
 + Level 1.0 Summonings
   Level 0.8 Translocations


You had 6 spell levels left.
You knew the following spells:

 Your Spells              Type           Power        Failure   Level  Hunger
a - Magic Dart            Conj           #...         8%          1    None
b - Call Imp              Summ           #.......     14%         2    ##.....

Your spell library contained the following spells:

 Spells                   Type           Power        Failure   Level  Hunger
 Blink                    Tloc           N/A          14%         2    ##.....
 Slow                     Hex            #.......     21%         2    ##.....
 Conjure Flame            Conj/Fire      #.......     30%         3    ###....
 Mephitic Cloud           Conj/Pois/Air  #.......     32%         3    ###....


Dungeon Overview and Level Annotations

Branches:
Dungeon (2/15)

Altars:


Innate Abilities, Weirdness & Mutations

You are too large for most types of armour.
You have tough skin. (AC +1)


Message History

Aiming: Magic Dart (safe; 8% risk of failure)
Press: ? - help, Shift-Dir - straight line, f/p - adder
Aim: an adder (severely wounded)
You miscast Magic Dart.
You are very lightly contaminated with residual magic.
You smell something strange.
Your crimson imp disappears in a puff of smoke!
The adder bites you. The adder bites you but does no damage.
The kobold hits you with a +0 short sword.
* * * LOW HITPOINT WARNING * * *
The adder bites you.
* * * LOW HITPOINT WARNING * * *
You are poisoned.
The adder poisons you!
You feel sick.
You feel sick. The adder bites you.
* * * LOW HITPOINT WARNING * * *
* * * LOW HITPOINT WARNING * * *
You feel sick. The adder bites you.
You die...

# #. ##.#### #.....#
###### #.....# #....#
#.....# #....#
####.....########....#####
#........@SK..............
##.....########....####.
#...<.# #....# #. #######
###### #. #5 #. #? #. #.


You could see an adder and a kobold.

Vanquished Creatures
  A giant cockroach (D:1)
  2 goblins
  2 hobgoblins (D:1)
  A ball python (D:1)
  A bat (D:1)
  3 frilled lizards
  2 kobolds (D:1)
  3 rats (D:1)
15 creatures vanquished.

Notes
Turn   | Place    | Note
-------+----------+-------------------------------------------
     0 | D:1      | Mithandil the Ogre Wizard began the quest for the Orb.
     0 | D:1      | Reached XP level 1. HP: 16/16 MP: 5/5
    31 | D:1      | Reached skill level 1 in Conjurations
   537 | D:1      | Reached XP level 2. HP: 23/24 MP: 0/6
   550 | D:1      | Learned a level 2 spell: Call Imp
   587 | D:1      | Reached skill level 4 in Spellcasting
   731 | D:1      | Reached skill level 1 in Summonings
   970 | D:2      | Slain by an adder

Skill      XL: |  1  2 |
---------------+-------+-----
Conjurations   | 1 |  1.4
Spellcasting   | 4 |  4.1
Summonings     | 1 |  1.0
Dodging        | |  1.7
Stealth        | |  1.4
Translocations | |  0.8

Action                   || total
-------------------------++-------
 Cast: Magic Dart        ||    37
       Call Imp          ||     2
  Use: Scroll            ||     3
Armor: Robe              ||    14
Dodge: Dodged            ||    11
